Selects Indian Artillery Battlegroup
Construct Section Command Post
Construct Platoon Command Post
Selects Artillery Saturation
Selects Gurkha Rifles Section
Selects Off-map Airburst Barrage
6-pounder Anti-tank Gun Team
Construct Field Infirmary
Selects BL5.5 Artillery Emplacement
Construct Company Command Post
Selects Gurkha Rifles Section
Unlock Bishop Self-propelled Artillery
Unlock Towed 17-pounder Anti-tank Guns
17-pounder Anti-tank Gun Team